[Event "42nd Olympiad Baku 2016 Open"]
[Site "Baku"]
[Date "2016.09.04"]
[Round "3.35"]
[White "Pang Yui Kuen"]
[Black "Hernandez, Roberto"]
[Result "1-0"]
[ECO "A01"]
[WhiteElo "1963"]
[BlackElo "2215"]
[Annotator ""]
[PlyCount "147"]
[EventDate "2016.??.??"]
[EventCountry "AZE"]
[SourceTitle "playchess.com"]
[Source "ChessBase"]
[WhiteTeam "HKG"]
[BlackTeam "PLW"]
[WhiteTeamCountry "HKG"]
[BlackTeamCountry "CUB"]
[TimeControl "40/5400+30:1800+30"]

1. b3 {(00:00)} e5 {(00:00)} 2. Bb2 {(00:00)} Nc6 {
(00:14)} 3. Nf3 {(00:02)} e4 {(00:54)} 4. Nd4 {(00:
06)} Nxd4 {(00:51)} 5. Bxd4 {(00:05)} c5 {(00:19)} 6. Bb2
{(00:07)} d5 {(00:10)} 7. e3 {(00:26)} Nf6 {(00:28]
} 8. Be2 {(00:23)} Bd6 {(00:32)} 9. d3 {(00:19)} Qe7 {
(00:58)} 10. dxe4 {(09:51)} dxe4 {(03:05)} 11. Bb5+ {
(03:14)} Bd7 {(01:01)} 12. Bxf6 {(00:23)} gxf6 {(
02:11)} 13. Bxd7+ {(01:47)} Qxd7 {(00:28)} 14. O-O {(02:
39)} O-O-O {(00:43)} 15. Na3 {(05:27)} Qf5 {(02:02)} 16.
Qe2 {(01:37)} Rhg8 {(01:11)} 17. g3 {(01:05)} h5 {(
03:35)} 18. Rad1 {(02:18)} h4 {(09:13)} 19. Nc4 {(01:22)}
Bc7 {(03:10)} 20. Rxd8+ {(00:19)} Rxd8 {(00:31)} 21. Rd1 {
(01:09)} hxg3 {(05:49)} 22. Rxd8+ {(00:10)} Kxd8 {(
00:41)} 23. hxg3 {(01:04)} Ke7 {(03:07)} 24. Nd2 {(03:31)}
Qe5 {(02:48)} 25. Qc4 {(04:20)} f5 {(01:26)} 26. b4 {
(00:26)} Bb6 {(03:43)} 27. Nb3 {(04:36)} cxb4 {(01:
44)} 28. Qxb4+ {(00:09)} Kf6 {(00:28)} 29. c4 {(00:17)}
Bxe3 {(03:53)} 30. fxe3 {(03:24)} Qxg3+ {(00:12)} 31. Kh1
{(04:59)} Qh3+ {(00:08)} 32. Kg1 {(00:06)} Qxe3+ {(
00:03)} 33. Kh2 {(00:50)} Qf4+ {(01:15)} 34. Kg1 {(00:18)}
b6 {(01:18)} 35. Qc3+ {(00:57)} Kg6 {(00:56)} 36. Nd4 {
(07:38)} e3 {(01:00)} 37. Qd3 {(05:45)} Qf2+ {(04:
46)} 38. Kh1 {(00:03)} Kg5 {(00:54)} 39. Ne2 {(03:33)}
Qe1+ {(02:52)} 40. Ng1 {(00:00)} Qh4+ {(00:00)} 41. Kg2 {
(00:44)} Qg4+ {(13:05)} 42. Kh2 {(02:17)} Qf4+ {(
01:30)} 43. Kg2 {(01:32)} Qf2+ {(02:02)} 44. Kh1 {(00:07)}
Qe1 {(02:00)} 45. Qd8+ {(07:24)} f6 {(01:07)} 46. Qg8+ {
(00:11)} Kf4 {(01:26)} 47. Qg2 {(00:41)} Qd2 {(04:
11)} 48. Qf3+ {(06:56)} Ke5 {(02:08)} 49. Qg3+ {(01:24)}
Ke6 {(05:57)} 50. Qg8+ {(02:30)} Kd7 {(01:15)} 51. Qh7+ {
(04:22)} Kc6 {(04:27)} 52. Qxf5 {(00:10)} Qd6 {(02:
50)} 53. Qc8+ {(02:15)} Qc7 {(00:14)} 54. Qe6+ {(00:13)}
Kb7 {(01:16)} 55. Nf3 {(04:14)} Qh7+ {(01:15)} 56. Kg2 {
(01:31)} Qc2+ {(00:34)} 57. Kh3 {(01:45)} Qh7+ {(
03:16)} 58. Kg3 {(01:47)} Qd3 {(02:07)} 59. Qxf6 {(11:01)}
e2 {(02:03)} 60. Qf7+ {(01:28)} Ka6 {(00:23)} 61. Kf2 {
(01:55)} Qd1 {(03:25)} 62. Qe6 {(02:45)} Qf1+ {(01:
05)} 63. Kg3 {(00:04)} Qd1 {(02:48)} 64. c5 {(02:08)} Qc2
{(00:42)} 65. c6 {(00:57)} Qc3 {(01:46)} 66. Kf2 {(
00:41)} Qc2 {(00:25)} 67. Qxe2+ {(00:47)} Qxe2+ {(00:13)}
68. Kxe2 {(00:02)} b5 {(00:02)} 69. Kd3 {(00:20)} Kb6 {
(00:05)} 70. Nd4 {(00:12)} a6 {(02:34)} 71. Ke4 {(
00:06)} Kc7 {(00:20)} 72. Kd5 {(00:06)} Kc8 {(01:43)} 73.
Kd6 {(00:21)} b4 {(00:42)} 74. Nf5 {(00:10)} 1-0

[Event "42nd Olympiad Baku 2016 Open"]
[Site "Baku"]
[Date "2016.09.04"]
[Round "3.25"]
[White "Prasad, Calvin"]
[Black "Drayton, Anthony"]
[Result "1/2-1/2"]
[ECO "A05"]
[WhiteElo "2013"]
[BlackElo "1923"]
[Annotator ""]
[PlyCount "197"]
[EventDate "2016.??.??"]
[EventCountry "AZE"]
[SourceTitle "playchess.com"]
[Source "ChessBase"]
[WhiteTeam "Fiji"]
[BlackTeam "Guyana"]
[WhiteTeamCountry "FIJ"]
[BlackTeamCountry "GUY"]
[TimeControl "40/5400+30:1800+30"]

1. Nf3 {(00:08)} Nf6 {(00:00)} 2. c4 {(00:15)} c6 {
(00:00)} 3. g3 {(00:46)} d5 {(00:14)} 4. Bg2 {(01:
21)} Bf5 {(01:26)} 5. Qb3 {(02:05)} Qc7 {(00:22)} 6. d3 {
(01:00)} e6 {(00:20)} 7. Bf4 {(02:14)} Qa5+ {(03:
59)} 8. Nbd2 {(05:31)} Qb4 {(00:25)} 9. O-O {(02:48)} Nbd7
{(00:18)} 10. a3 {(03:34)} Qxb3 {(00:10)} 11. Nxb3 {
(00:02)} a5 {(00:21)} 12. Nh4 {(08:00)} Bg4 {(00:
59)} 13. Nf3 {(06:43)} Be7 {(00:35)} 14. Rfe1 {(02:35)} a4
{(01:28)} 15. Nbd2 {(01:16)} O-O {(00:55)} 16. Ne5 {
(06:54)} Nxe5 {(03:08)} 17. Bxe5 {(00:02)} Nd7 {(
00:12)} 18. Bc3 {(00:51)} Rfe8 {(00:50)} 19. d4 {(04:38)}
Bf6 {(01:09)} 20. e4 {(02:07)} Nb6 {(04:54)} 21. c5 {
(07:25)} Nd7 {(00:20)} 22. e5 {(02:37)} Be7 {(00:
34)} 23. Nf1 {(03:46)} b6 {(03:10)} 24. Ne3 {(00:07)} Bh5
{(00:06)} 25. cxb6 {(01:08)} Nxb6 {(00:06)} 26. Bf1 {
(00:38)} Bg6 {(00:34)} 27. Rec1 {(00:21)} c5 {(00:
43)} 28. Be2 {(09:35)} Rec8 {(00:58)} 29. Bd1 {(06:59)}
Bd3 {(00:16)} 30. Bc2 {(05:10)} Bxc2 {(03:57)} 31. Nxc2 {
(01:41)} Nc4 {(00:24)} 32. Ne3 {(00:24)} cxd4 {(03:
03)} 33. Bxd4 {(00:16)} Nd2 {(00:44)} 34. Kg2 {(04:09)}
Nb3 {(01:48)} 35. Rxc8+ {(00:09)} Rxc8 {(00:10)} 36. Rd1 {
(00:04)} Kf8 {(01:48)} 37. Rd3 {(02:11)} Bc5 {(00:
45)} 38. Nc2 {(02:39)} Ke8 {(04:54)} 39. Rc3 {(04:24)} Kd7
40. Bxc5 {(00:00)} Rxc5 {(00:00)} 41. Rxc5 {(08:49)} Nxc5
{(00:29)} 42. Nb4 {(00:04)} Kc7 {(00:39)} 43. Kf3 {
(04:00)} Kb6 {(00:02)} 44. Ke3 {(00:22)} Nb3 {(01:
15)} 45. Kd3 {(05:15)} Kb5 {(00:22)} 46. Na2 {(01:17)} d4
{(01:39)} 47. Nb4 {(00:21)} Kc5 {(00:12)} 48. f4 {(
00:29)} Nc1+ {(00:35)} 49. Kd2 {(00:27)} Nb3+ {(00:58)}
50. Kd3 {(00:01)} f6 {(00:55)} 51. Na6+ {(02:23)} Kb6 {
(00:19)} 52. exf6 {(05:23)} gxf6 {(00:11)} 53. Nb8 {
(00:31)} Kc7 {(00:21)} 54. Na6+ {(00:02)} Kd6 {(01:
06)} 55. Ke4 {(00:37)} Nc5+ {(00:37)} 56. Nxc5 {(00:01)}
Kxc5 {(00:11)} 57. g4 {(08:53)} Kc4 {(00:14)} 58. h4 {
(00:07)} d3 {(00:50)} 59. Ke3 {(00:05)} e5 {(00:27]
} 60. f5 {(03:04)} Kd5 {(01:43)} 61. g5 {(00:43)} fxg5 {
(00:23)} 62. hxg5 {(00:03)} e4 {(00:42)} 63. f6 {(
01:29)} Ke6 {(00:05)} 64. Kd2 {(00:04)} h5 {(00:53)} 65.
gxh6 {(00:08)} Kxf6 {(00:10)} 66. Kc3 {(00:03)} Kg6 {
(00:35)} 67. b4 {(00:08)} axb3 {(00:28)} 68. Kxb3 {
(00:40)} Kxh6 {(01:25)} 69. a4 {(00:24)} Kg5 {(00:
47)} 70. a5 {(00:33)} Kf4 {(00:25)} 71. Kc3 {(01:04)} Ke3
{(00:04)} 72. a6 {(00:07)} d2 {(00:50)} 73. a7 {(
00:01)} d1=Q {(00:38)} 74. a8=Q {(00:01)} Qc1+ {(00:45)}
75. Kb4 {(00:22)} Qb2+ {(00:49)} 76. Kc4 {(00:01)} Qd4+ {
(00:17)} 77. Kb3 {(00:13)} Ke2 {(00:31)} 78. Qf8 {(
01:13)} e3 79. Kc2 Qc4+ {(01:43)} 80. Kb2 {(00:07)} Ke1 {(
00:27)} 81. Qh6 {(00:55)} Qd3 {(02:21)} 82. Qh4+ {(00:55)}
Kd1 {(00:18)} 83. Qa4+ {(00:40)} Ke1 {(00:20)} 84. Qh4+ {
(00:02)} Kd2 {(00:50)} 85. Qb4+ {(00:11)} Ke2 {(01:
02)} 86. Qg4+ {(00:00)} Kf2 {(00:32)} 87. Qf4+ {(00:13)}
Kg2 {(02:03)} 88. Qg4+ {(00:23)} Kf1 {(00:24)} 89. Qf4+ {
(00:13)} Ke1 {(02:08)} 90. Qh4+ {(00:01)} Kd1 {(01:
31)} 91. Qa4+ {(00:08)} Kd2 {(00:41)} 92. Qb4+ {(00:02)}
Ke2 {(03:42)} 93. Qg4+ {(00:05)} Kf1 {(00:12)} 94. Qf4+ {
(00:08)} Kg1 {(00:19)} 95. Qg4+ {(00:02)} Kf2 {(01:
00)} 96. Qf4+ {(00:02)} Ke2 {(01:44)} 97. Qg4+ {(00:03)}
Kd2 {(00:28)} 98. Qb4+ {(00:04)} Kd1 {(00:15)} 99. Qa4+ {
(00:06)} 1/2-1/2

[Event "42nd Olympiad Baku 2016 Open"]
[Site "Baku"]
[Date "2016.09.04"]
[Round "3.9"]
[White "Ragger, Markus"]
[Black "Elliott, Warren"]
[Result "1-0"]
[ECO "C11"]
[WhiteElo "2697"]
[BlackElo "2238"]
[Annotator ""]
[PlyCount "57"]
[EventDate "2016.??.??"]
[EventCountry "AZE"]
[SourceTitle "playchess.com"]
[Source "ChessBase"]
[WhiteTeam "Austria"]
[BlackTeam "Jamaica"]
[WhiteTeamCountry "AUT"]
[BlackTeamCountry "JAM"]
[TimeControl "40/5400+30:1800+30"]

1. d4 {(00:00)} e6 {(00:00)} 2. e4 {(00:26)} d5 {(
00:00)} 3. Nc3 {(00:03)} Nf6 {(00:14)} 4. e5 {(00:05)}
Nfd7 {(00:10)} 5. f4 {(00:02)} c5 {(00:19)} 6. Nf3 {
(00:03)} Nc6 {(00:15)} 7. Be3 {(00:51)} a6 {(00:21]
} 8. Qd2 {(02:15)} b5 {(01:47)} 9. dxc5 {(00:45)} Bxc5 {
(01:51)} 10. Bd3 {(01:13)} Qb6 {(26:38)} 11. Bf2 {(
00:24)} Bxf2+ {(07:43)} 12. Qxf2 {(00:03)} Qxf2+ {(00:12)}
13. Kxf2 {(00:02)} Bb7 {(04:06)} 14. Ne2 {(04:31)} Nc5 {
(01:43)} 15. Ned4 {(02:30)} Nb4 {(08:04)} 16. Ke3 {
(04:19)} Rc8 {(04:59)} 17. a3 {(09:02)} Nbxd3 {(03:
53)} 18. cxd3 {(01:35)} Ke7 {(03:13)} 19. Kd2 {(14:56)}
Rc7 {(07:20)} 20. f5 {(03:40)} Rhc8 {(09:03)} 21. Rhf1 {
(02:09)} g6 {(11:49)} 22. fxg6 {(04:40)} hxg6 {(00:
05)} 23. Ng5 {(00:12)} Ke8 {(00:13)} 24. Rf4 {(01:19)} Re7
{(06:54)} 25. Raf1 {(01:10)} Rcc7 {(00:33)} 26. Rh4 {
(00:37)} Bc8 {(00:49)} 27. Rh8+ {(01:23)} Kd7 {(00:
06)} 28. Nh7 {(00:11)} Rb7 {(00:50)} 29. Rc1 {(00:34)} 1-0

[Event "42nd Olympiad Baku 2016 Open"]
[Site "Baku"]
[Date "2016.09.04"]
[Round "3.29"]
[White "Rehan, Deng Cypriano"]
[Black "Salim Mohammed Salim Al Amri"]
[Result "1-0"]
[ECO "A20"]
[WhiteElo "1899"]
[BlackElo "2050"]
[Annotator ""]
[PlyCount "141"]
[EventDate "2016.??.??"]
[EventCountry "AZE"]
[SourceTitle "playchess.com"]
[Source "ChessBase"]
[WhiteTeam "SSD"]
[BlackTeam "OMA"]
[TimeControl "40/5400+30:1800+30"]

1. c4 {(00:00)} e5 {(00:00)} 2. g3 {(00:05)} Nf6 {(
00:19)} 3. Bg2 {(00:12)} d5 {(00:41)} 4. cxd5 {(00:13)}
Nxd5 {(00:08)} 5. Nc3 {(00:14)} Nb6 {(00:51)} 6. Nf3 {
(00:16)} Nc6 {(00:11)} 7. d3 {(00:12)} Be7 {(00:47]
} 8. O-O {(00:11)} O-O {(00:07)} 9. a3 {(00:15)} a5 {
(00:54)} 10. Be3 {(00:51)} Be6 {(00:44)} 11. Rc1 {(
02:45)} a4 {(02:56)} 12. Bxb6 {(04:06)} Bb3 {(00:50)} 13.
Bxc7 {(00:41)} Qxc7 {(00:16)} 14. Qd2 {(00:50)} f5 {
(04:02)} 15. Qe3 {(07:25)} Ra5 {(05:20)} 16. Nd2 {(
06:11)} Rd8 {(17:50)} 17. Nxb3 {(11:39)} axb3 {(00:13)}
18. Nb1 {(00:14)} Bf6 {(07:22)} 19. Bxc6 {(02:17)} bxc6 {
(01:46)} 20. Nd2 {(00:15)} Rb5 {(02:18)} 21. Nc4 {(
03:28)} h6 {(04:19)} 22. Qf3 {(02:42)} Qd7 {(01:25)} 23.
a4 {(01:23)} Rb4 {(03:54)} 24. a5 {(01:04)} Qe6 {(
02:09)} 25. a6 {(17:37)} e4 {(01:47)} 26. Qh5 {(28:29)}
Bg5 {(14:29)} 27. Ra1 {(01:10)} f4 {(01:01)} 28. h3 {
(01:29)} Ra8 {(06:51)} 29. Qg4 {(01:29)} Qxg4 {(02:
13)} 30. hxg4 {(00:11)} f3 {(00:23)} 31. exf3 exd3 {(00:
13)} 32. Ne5 {(01:53)} d2 {(01:44)} 33. Rfd1 {(00:39)} Bf6
{(07:04)} 34. f4 {(01:11)} Rd4 {(05:33)} 35. Nxc6 {
(00:46)} Rc4 {(00:27)} 36. Na5 {(01:04)} Rc2 {(01:
18)} 37. Nxb3 {(01:01)} Rxb2 {(01:41)} 38. Rab1 {(00:19)}
Ra2 {(02:08)} 39. Rxd2 {(00:22)} Rxd2 {(00:25)} 40. Nxd2 {
(00:00)} Rxa6 {(00:00)} 41. Ne4 {(00:43)} Bd4 {(00:
40)} 42. Rd1 {(00:49)} Ra4 {(00:50)} 43. Kg2 {(00:27)} Kf7
{(02:16)} 44. f5 {(00:59)} Ke7 {(04:00)} 45. f4 {(
02:48)} Bb6 {(00:48)} 46. Nc3 {(06:01)} Ra6 {(00:50)} 47.
Nd5+ {(00:52)} Kf7 {(00:12)} 48. Nxb6 {(00:35)} Rxb6 {
(00:07)} 49. g5 {(03:07)} Rb5 50. Rd7+ {(03:23)} Kg8 {
(01:06)} 51. gxh6 {(02:03)} gxh6 {(00:59)} 52. f6 {
(00:55)} Rf5 {(01:53)} 53. f7+ {(00:22)} Kg7 {(01:
48)} 54. Kf3 {(01:03)} h5 {(00:16)} 55. Re7 {(00:39)} Ra5
{(01:38)} 56. Kg2 {(02:21)} h4 {(03:24)} 57. gxh4 {
(01:14)} Ra3 {(00:21)} 58. Rc7 {(00:59)} Rb3 {(00:
25)} 59. h5 {(01:34)} Kf8 {(01:27)} 60. Rc5 {(02:42)} Kxf7
{(01:59)} 61. Rg5 {(00:22)} Kf6 {(01:38)} 62. h6 {(
01:37)} Rb7 {(00:54)} 63. Kf3 {(00:24)} Rh7 {(00:10)} 64.
Rh5 {(00:18)} Kg6 {(08:07)} 65. Kg4 {(00:24)} Kf6 {
(00:20)} 66. Ra5 {(00:29)} Rb7 {(01:18)} 67. Ra6+ {
(01:19)} Kf7 {(00:41)} 68. Kg5 {(01:00)} Rc7 {(01:
51)} 69. f5 {(01:08)} Rb7 {(00:33)} 70. Ra8 {(00:37)} Rb1
{(03:14)} 71. h7 {(00:28)} 1-0

[Event "42nd Olympiad Baku 2016 Open"]
[Site "Baku"]
[Date "2016.09.04"]
[Round "3.26"]
[White "Roselli Mailhe, Bernardo"]
[Black "Pineda, Juan Jose"]
[Result "0-1"]
[ECO "E61"]
[WhiteElo "2434"]
[BlackElo "2175"]
[Annotator ""]
[PlyCount "78"]
[EventDate "2016.??.??"]
[EventCountry "AZE"]
[SourceTitle "playchess.com"]
[Source "ChessBase"]
[WhiteTeam "Uruguay"]
[BlackTeam "Nicaragua"]
[WhiteTeamCountry "URU"]
[BlackTeamCountry "NCA"]
[TimeControl "40/5400+30:1800+30"]

1. d4 {(00:00)} Nf6 {(00:00)} 2. c4 {(00:00)} g6 {(
00:00)} 3. Nc3 {(00:00)} Bg7 {(00:00)} 4. Nf3 {(00:00)} d6
{(00:59)} 5. Bf4 {(00:00)} O-O {(00:15)} 6. e3 {(
00:00)} c6 {(09:10)} 7. Be2 {(00:26)} Re8 {(04:22)} 8. h3
{(01:42)} Na6 {(04:59)} 9. O-O {(02:43)} Nc7 {(01:
06)} 10. Bh2 {(02:22)} a6 {(04:37)} 11. a4 {(00:23)} a5 {
(02:11)} 12. e4 {(08:10)} Nd7 {(08:28)} 13. Qc2 {(
13:36)} Na6 {(03:15)} 14. Rad1 {(01:05)} Nb4 {(01:18)} 15.
Qd2 {(08:19)} Qb6 {(02:24)} 16. Bf4 {(08:17)} c5 {(
05:27)} 17. d5 {(04:31)} Ne5 {(11:24)} 18. Ne1 {(01:53)}
f6 {(03:25)} 19. Be3 {(02:32)} Bd7 {(00:42)} 20. f4 {
(01:38)} Nf7 {(00:13)} 21. Nb5 {(11:13)} Qd8 {(08:
15)} 22. Nd3 {(03:10)} Nxd3 {(03:35)} 23. Bxd3 {(00:27)}
Qc8 {(02:19)} 24. Qc2 {(03:24)} b6 {(01:51)} 25. Nc3 {
(00:13)} f5 {(00:30)} 26. Rde1 {(04:12)} Nh6 {(01:
51)} 27. e5 {(01:38)} e6 {(03:02)} 28. Bf2 {(02:18)} Nf7 {
(02:04)} 29. Bg3 {(00:21)} Qc7 {(02:17)} 30. exd6 {
(05:17)} Nxd6 {(02:44)} 31. dxe6 {(01:23)} Bxe6 {(
00:14)} 32. Re2 {(00:30)} Qf7 {(03:27)} 33. b3 {(01:44)}
Bd4+ {(01:45)} 34. Bf2 {(03:12)} Qf6 {(00:17)} 35. Nb1 {
(01:14)} Bf7 {(00:40)} 36. Nd2 {(03:29)} Bxf2+ {(
02:53)} 37. Rexf2 {(03:35)} Qd4 {(00:51)} 38. g3 {(00:34)}
Re3 {(00:29)} 39. Be2 {(01:14)} Rxe2 {(00:24)} 0-1

[Event "42nd Olympiad Baku 2016 Open"]
[Site "Baku"]
[Date "2016.09.04"]
[Round "3.28"]
[White "Ross, Chris N"]
[Black "Chumfwa, Kelvin"]
[Result "0-1"]
[ECO "C77"]
[WhiteElo "2209"]
[BlackElo "2240"]
[Annotator ""]
[PlyCount "74"]
[EventDate "2016.??.??"]
[EventCountry "AZE"]
[SourceTitle "playchess.com"]
[Source "ChessBase"]
[WhiteTeam "IBCA"]
[BlackTeam "ZAM"]
[WhiteTeamCountry "ENG"]
[BlackTeamCountry "ZAM"]
[TimeControl "40/5400+30:1800+30"]

1. e4 e5 2. Nf3 Nc6 3. Bb5 a6 4. Ba4 Nf6 5. d3 b5 6. Bb3 Be7 7. c3 O-O 8. Nbd2
d6 9. Nf1 Na5 10. Bc2 c5 11. Ne3 Nc6 12. O-O d5 13. exd5 Nxd5 14. d4 exd4 15.
cxd4 c4 16. Ne5 Nxe3 17. Bxe3 Qd5 18. Nxc6 Qxc6 19. d5 Qd6 20. Qf3 Bb7 21. Rad1
Rad8 22. Bf4 Qd7 23. Qe4 f5 24. Qe6+ Qxe6 25. dxe6 g6 26. b3 c3 27. Be5 b4 28.
Bc7 Rxd1 29. Rxd1 Bc8 30. Bd3 Bxe6 31. Re1 Kf7 32. f4 Rc8 33. Be5 Rd8 34. Rd1
Bf6 35. Bxf6 Kxf6 36. Kf2 Rxd3 37. Rxd3 c2 0-1

[Event "42nd Olympiad Baku 2016 Open"]
[Site "Baku"]
[Date "2016.09.04"]
[Round "3.25"]
[White "Rossini, Paul"]
[Black "Mafnas, Peter"]
[Result "0-1"]
[ECO "B12"]
[WhiteElo "1692"]
[BlackElo "2095"]
[Annotator ""]
[PlyCount "82"]
[EventDate "2016.??.??"]
[EventCountry "AZE"]
[SourceTitle "playchess.com"]
[Source "ChessBase"]
[WhiteTeam "SMR"]
[BlackTeam "GUM"]
[WhiteTeamCountry "SMR"]
[TimeControl "40/5400+30:1800+30"]

1. e4 {(00:00)} c6 {(00:00)} 2. d4 {(00:00)} d5 {(
00:00)} 3. e5 {(00:00)} Bf5 {(00:05)} 4. Nc3 {(00:14)} e6
{(00:12)} 5. a3 {(00:10)} c5 {(00:24)} 6. Nf3 {(00:
26)} Nc6 {(00:07)} 7. Bb5 {(00:16)} Rc8 {(00:22)} 8. O-O {
(00:21)} a6 {(00:17)} 9. Bxc6+ {(01:51)} Rxc6 {(00:
06)} 10. Be3 {(01:10)} b6 {(02:20)} 11. h3 {(00:54)} h6 {
(00:47)} 12. Qd2 {(01:42)} Ne7 {(00:32)} 13. b4 {(
02:46)} cxb4 {(00:50)} 14. axb4 {(00:27)} Qc7 {(00:46)}
15. Ra3 {(01:19)} Nc8 {(00:15)} 16. Rb1 {(00:16)} b5 {
(00:08)} 17. Ne1 {(05:06)} Rc4 {(06:20)} 18. Na2 {(
05:51)} Bxc2 {(02:19)} 19. Rc1 {(03:50)} Ba4 {(00:20)} 20.
Rxc4 {(01:53)} dxc4 {(00:43)} 21. Qc3 {(04:43)} Nb6 {
(00:30)} 22. Bd2 {(02:44)} Nd5 {(00:16)} 23. Qf3 {(
00:50)} a5 {(00:33)} 24. Kh1 {(07:43)} Be7 {(01:22)} 25.
bxa5 {(03:46)} Bxa3 {(00:53)} 26. Qxa3 {(00:09)} Qe7 {
(00:12)} 27. Qxe7+ {(01:01)} Kxe7 28. Nb4 Nxb4 {(01:29)}
29. Bxb4+ {(00:38)} Kd7 {(00:03)} 30. Bc5 {(00:24)} c3 {
(00:29)} 31. Nd3 {(00:36)} c2 {(00:11)} 32. Kg1 {(
01:42)} Ra8 {(05:26)} 33. Bb4 {(01:04)} Kc6 {(00:05)} 34.
Bd2 {(05:25)} Kd5 {(01:19)} 35. Be3 {(00:14)} Rxa5 {
(00:47)} 36. Nb4+ {(00:43)} Kc4 {(00:14)} 37. Na2 {
(00:35)} Bb3 {(00:09)} 38. Nc1 {(00:18)} Ra1 {(00:
05)} 39. Kf1 {(00:25)} Ba4 {(00:09)} 40. Ke2 {(00:19)} b4
{(00:12)} 41. Kd2 {(00:23)} b3 {(00:12)} 0-1

[Event "42nd Olympiad Baku 2016 Open"]
[Site "Baku"]
[Date "2016.09.04"]
[Round "3.22"]
[White "Rowe, Peter"]
[Black "Yahi Mohamed Salem"]
[Result "1/2-1/2"]
[ECO "D00"]
[WhiteElo "1966"]
[BlackElo "1852"]
[Annotator ""]
[PlyCount "113"]
[EventDate "2016.??.??"]
[EventCountry "AZE"]
[SourceTitle "playchess.com"]
[Source "ChessBase"]
[WhiteTeam "Channel Islands"]
[BlackTeam "MTN"]
[WhiteTeamCountry "GCI"]
[TimeControl "40/5400+30:1800+30"]

1. d4 {(00:00)} d5 {(00:00)} 2. Bf4 {(00:48)} c5 {(
00:00)} 3. c3 {(02:25)} Nc6 {(00:24)} 4. e3 {(00:22)} Nf6
{(00:40)} 5. Nf3 {(00:48)} Bg4 {(01:37)} 6. Nbd2 {(
05:19)} e6 {(00:21)} 7. Bd3 {(07:40)} Bd6 {(01:24)} 8. Bg3
{(01:40)} O-O {(00:11)} 9. Qb1 {(01:06)} cxd4 {(02:
44)} 10. exd4 {(04:00)} Bxf3 {(01:45)} 11. Nxf3 {(00:23)}
h6 {(00:30)} 12. Bxd6 {(07:05)} Qxd6 {(00:21)} 13. O-O {
(00:16)} Rfe8 {(02:01)} 14. Re1 {(00:46)} e5 {(00:
26)} 15. dxe5 {(00:56)} Nxe5 {(00:12)} 16. Nxe5 {(00:55)}
Rxe5 {(00:12)} 17. Rxe5 {(00:51)} Qxe5 {(00:05)} 18. Qe1 {
(06:13)} Qd6 {(00:30)} 19. Qd2 {(01:16)} Ng4 {(04:
38)} 20. g3 {(00:22)} Ne5 {(00:32)} 21. Be4 {(03:39)} Rd8
{(04:41)} 22. Rd1 {(01:19)} Qb6 {(01:03)} 23. Qd4 {
(03:00)} Qe6 {(06:30)} 24. Bg2 {(07:07)} Qf5 {(05:
45)} 25. b3 {(12:29)} Nc6 {(07:01)} 26. Qd3 {(01:22)} Qxd3
{(10:16)} 27. Rxd3 {(00:08)} Ne7 {(00:51)} 28. f4 {
(03:17)} b5 {(01:50)} 29. Rd4 {(01:30)} Kf8 {(00:
40)} 30. c4 {(08:21)} bxc4 {(00:46)} 31. bxc4 {(00:09)}
Rc8 {(01:51)} 32. cxd5 {(03:08)} Nf5 {(00:30)} 33. Rd2 {
(02:11)} Ke7 {(01:12)} 34. Kf2 {(00:51)} Rc3 {(01:
01)} 35. Rb2 {(04:21)} Nd6 {(00:21)} 36. Ke2 {(01:54)} Ra3
{(02:41)} 37. Bh3 {(01:57)} a5 {(01:13)} 38. Kd1 {(
01:05)} f5 {(01:33)} 39. Bf1 {(00:49)} g5 {(01:29)} 40.
Rc2 {(00:00)} gxf4 {(00:00)} 41. gxf4 {(03:25)} Rf3 {
(01:24)} 42. Be2 {(02:23)} Rxf4 {(00:12)} 43. Ke1 {
(03:54)} Kf6 {(00:33)} 44. Rc3 {(02:29)} Ke5 {(00:
31)} 45. Rh3 {(03:29)} Kxd5 {(02:15)} 46. Rxh6 {(00:30)}
Ra4 {(00:26)} 47. h4 {(01:29)} Rxa2 {(00:24)} 48. Rh8 {
(01:26)} Ne4 {(00:23)} 49. Rd8+ {(01:27)} Ke5 {(00:
17)} 50. Bc4 {(01:57)} Rh2 {(00:28)} 51. Rd5+ {(00:54)}
Kf4 {(00:31)} 52. Rxa5 {(00:26)} Rxh4 {(01:50)} 53. Be6 {
(02:13)} Rh1+ {(01:13)} 54. Ke2 {(00:31)} Ng3+ {(
01:15)} 55. Kd3 {(04:16)} Re1 {(01:25)} 56. Bxf5 {(02:08)}
Nxf5 {(00:15)} 57. Ra4+ {(00:17)} 1/2-1/2

[Event "42nd Olympiad Baku 2016 Open"]
[Site "Baku"]
[Date "2016.09.04"]
[Round "3.23"]
[White "Sabar Ethmane Daouda"]
[Black "Brookfield, Toby"]
[Result "1-0"]
[ECO "B23"]
[WhiteElo "2063"]
[BlackElo "1909"]
[Annotator ""]
[PlyCount "55"]
[EventDate "2016.??.??"]
[EventCountry "AZE"]
[SourceTitle "playchess.com"]
[Source "ChessBase"]
[WhiteTeam "MTN"]
[BlackTeam "Channel Islands"]
[BlackTeamCountry "GCI"]
[TimeControl "40/5400+30:1800+30"]

1. e4 {(00:00)} c5 {(00:00)} 2. Nc3 {(00:00)} d6 {(
00:00)} 3. f4 {(00:00)} g6 {(00:20)} 4. Nf3 {(00:09)} Bg7
{(00:14)} 5. Bb5+ {(07:24)} Bd7 {(00:57)} 6. Bc4 {(
03:21)} Nc6 {(04:20)} 7. O-O {(04:50)} e6 {(01:04)} 8. d3
{(03:10)} Nge7 {(00:47)} 9. a4 {(03:42)} a6 {(00:
38)} 10. Kh1 {(00:42)} h6 {(00:42)} 11. Bd2 {(03:39)} b6 {
(03:43)} 12. h3 {(01:21)} Nd4 {(04:05)} 13. Nxd4 {(
06:06)} cxd4 {(01:49)} 14. Ne2 {(00:38)} O-O {(03:51)} 15.
Qe1 {(02:57)} Bc6 {(09:05)} 16. Bb3 {(02:00)} Bb7 {
(08:38)} 17. Qf2 {(02:14)} Nc6 {(16:23)} 18. f5 {(
01:17)} exf5 {(05:54)} 19. exf5 {(00:11)} gxf5 {(01:37)}
20. Qxf5 {(00:34)} Ne5 {(01:37)} 21. Qh5 {(06:14)} Kh7 {
(05:05)} 22. Nxd4 {(08:25)} Qd7 {(09:53)} 23. Nf5 {
(11:32)} Rg8 {(02:21)} 24. Rf2 {(07:29)} Bf8 {(16:
23)} 25. d4 {(04:43)} Rxg2 {(00:53)} 26. Rxg2 {(02:59)}
Bxg2+ {(01:19)} 27. Kxg2 {(00:11)} Qc6+ {(00:28)} 28. d5 {
(00:24)} 1-0